 Dungeon Crawl Stone Soup version 0.31.0-11-ge490571c62 (webtiles) character file.

Game seed: 11880024683353393144

15106 qw the Spry (level 11, -6/55 HPs)
             Began as a Spriggan Hunter on Feb 4, 2024.
             Was a High Priest of Okawaru.
             Killed by the raging water
             ... invoked by a water nymph
              (30 damage)
             ... on level 2 of the Lair of Beasts.
             The game lasted 00:00:45 (7369 turns).

qw the Spry (Spriggan Hunter)                       Turns: 7369, Time: 00:00:46

Health: -6/55      AC:  7    Str:  7    XL:     11   Next: 97%
Magic:  17/17      EV: 53    Int: 11    God:    Okawaru [*****.]
Gold:   138        SH:  0    Dex: 29    Spells: 10/10 levels left

rFire   . . .        r - +1 orcbow (freeze)
rCold   . . .        (shield currently unavailable)
rNeg    . . .        g - +2 robe {Will+}
rPois   +            (helmet restricted)
rElec   .            k - +2 cloak
rCorr   .            (gloves unavailable)
SInv    +            (boots unavailable)
Will    ++...        h - amulet of the acrobat
Stlth   ++           f - ring of poison resistance
HPRegen 0.29/turn    t - +6 ring of dexterity
MPRegen 0.15/turn

%: acrobat
@: acrobatic, slow
A: very small, no large weapons, unfitting armour, see invisible, speed 3
a: Renounce Religion, Heroism, Finesse, Duel


You were on level 2 of the Lair of Beasts.
You worshipped Okawaru.
Okawaru was extremely pleased with you.
You visited 3 branches of the dungeon, and saw 11 of its levels.

You collected 518 gold pieces.
You spent 380 gold pieces at shops.


Innate Abilities, Weirdness & Mutations

You are very small and have problems with some larger weapons.
You are too small for most types of armour.
You have supernaturally acute eyesight. (SInv)
You cover ground extremely quickly. (Speed+++)


   Skills:
 - Level 5.0 Fighting
 - Level 13.0 Ranged Weapons
 + Level 15.6 Dodging
 - Level 1.5 Stealth
 + Level 7.2 Invocations


You had 10 spell levels left.
You didn't know any spells.
Your spell library was empty.

Inventory:

Hand Weapons
 r - a +1 orcbow of freezing (weapon)
Armour
 g - a +2 robe of willpower (worn)
 k - a +2 cloak (worn)
Jewellery
 f - a ring of poison resistance (left hand)
 h - an amulet of the acrobat (around neck)
 t - a +6 ring of dexterity (right hand)
Wands
 d - a wand of charming (2)
 j - a wand of acid (8)
 n - a wand of iceblast (25)
 s - a wand of polymorph (9)
Scrolls
 c - 3 scrolls of teleportation
 i - a scroll of identify
 p - 2 scrolls of enchant armour
Potions
 a - a potion of magic
 b - 3 potions of might
 e - 4 potions of curing
 l - a potion of enlightenment
 m - a potion of heal wounds
 o - a potion of haste
 q - a potion of mutation

Dungeon Overview and Level Annotations

Branches:
Dungeon (8/15)             Temple (1/1) D:6            Lair (2/5) D:8
 Shoals (0/4) Lair:2
  Snake: Lair:2-3    Spider: Lair:2-3

Altars:
Ashenzari
Dithmenos
Elyvilon
Fedhas
Gozag
Hepliaklqana
Kikubaaqudgha
Makhleb
Nemelex Xobeh
Okawaru
Qazlal
Ru
Sif Muna
Trog
Vehumet
Wu Jian
Yredelemnul
Zin
The Shining One

Shops:
D:5 [   D:6 *   D:7 ((:!?*

Portals:
Bailey: D:8

Annotations:
D:8 2 transporters, Grum


Message History

The seven-headed hydra roars!
You hear an angry hiss.
7360 ||| RETREEEEATING.
You shoot an arrow. The arrow hits the water nymph!
The arrow freezes the water nymph.
The water nymph is moderately wounded.
7362 ||| RETREEEEATING.
You enter the shallow water.
Moving in this stuff is going to be slow.
The water nymph completely misses you.
You shoot an arrow. The arrow hits the water nymph.
The arrow freezes the water nymph.
The water nymph is moderately wounded.
The water nymph casts a spell at you. The water swirls and strikes you!
Enter note:
7364 ||| RETREEEEATING.
Enter note:
Enter note:
7365 ||| RETREEEEATING.
You enter the shallow water.
Moving in this stuff is going to be slow.
The water nymph misses you.
Enter note:
7366 ||| RETREEEEATING.
The cane toad croaks.
The water nymph points at you and mumbles some strange words.
The water swirls and strikes you!!
Enter note:
7367 ||| RETREEEEATING.
Found a scroll of identify.
Enter note:
7368 ||| RETREEEEATING.
You enter the shallow water.
Moving in this stuff is going to be slow.
A komodo dragon comes into view.
The water nymph's watery aura covers the staircase to the Shoals.
The water moccasin attacks as it pursues you!
The water moccasin completely misses you.
Enter note:
7369 ||| RETREEEEATING.
The water nymph casts a spell at you. The water swirls and strikes you!!
Ouch! That really hurt!
You die...

##.#......P..###.. .###
..#..../.......... ....
..........P....... #....
........#........ .l.
##.~#........... ...
#.~~~#....P## ..
#.###~D~~~#.#+.D##..
P.###..#~~m~~#..........
......~@S~k~~~..........
......~#~~F~~##.........
........#~~~#~#....<....
.......##~..##..........
..?.... .#~##...........
........................
.............F##..#.#...
##..##... .... .#.##.#..
#.P ....#.. . ..


You could see a seven-headed hydra, a komodo dragon, a water nymph, a cane toad,
a water moccasin and a wyvern.

Vanquished Creatures
  Erica (D:8)
  A catoblepas (Lair:1)
  4 death yaks (Lair:1)
  4 elephants (Lair:1)
  Maurice (D:8)
  A black mamba (Lair:1)
  2 cane toads (Lair:1)
  A rime drake (Lair:1)
  A komodo dragon (Lair:1)
  Psyche (D:8)
  Prince Ribbit (D:8)
  Grinder (D:4)
  5 blink frogs (Lair:1)
  Sigmund (D:6)
  A wyvern (D:6)
  26 yaks
  A steam dragon (D:6)
  Menkaure (D:5)
  Edmund (D:5)
  2 water moccasins (Lair:1)
  4 black bears
  An ice beast (D:6)
  2 ogres
  2 centaurs
  A phantom (D:6)
  2 bullfrogs
  A kobold brigand (D:7)
  2 scorpions
  5 wights (D:8)
  6 killer bees
  An electric eel (D:7)
  A howler monkey (D:4)
  An orc priest (D:4)
  4 hounds
  A jelly (D:4)
  Ijyb (D:3)
  3 iguanas
  3 orc wizards
  3 gnolls (D:5)
  7 adders
  A white imp (D:5)
  2 ufetubi (D:5)
  3 dart slugs
  2 ribbon worms
  7 orcs
  10 ball pythons
  8 bats
  11 endoplasms
  9 goblins
  5 hobgoblins
  6 kobolds
  2 quokkas (D:1)
  6 frilled lizards
  4 rats
184 creatures vanquished.

Notes
Turn   | Place    | Note
-------+----------+-------------------------------------------
     0 | D:1      | qw the Spriggan Hunter began the quest for the Orb.
     0 | D:1      | Reached XP level 1. HP: 10/10 MP: 2/2
     0 | D:1      | 0 ||| qw: Version: 0.3-a-160-g6735b56
     0 | D:1      | 0 ||| qw: Game counter: 5002
     0 | D:1      | 0 ||| qw: Melee chars always use a shield: true
     0 | D:1      | 0 ||| qw: God list: Okawaru
     0 | D:1      | 0 ||| qw: Allow faded altars: false
     0 | D:1      | 0 ||| qw: Do Orc after clearing Dungeon:15 true
     0 | D:1      | 0 ||| qw: Do second Lair branch before Depths: true
     0 | D:1      | 0 ||| qw: Lair rune preference: random
     0 | D:1      | 0 ||| qw: Goals: Normal
     0 | D:1      | 0 ||| PLANNING D:1-11
    37 | D:1      | Reached skill level 3 in Dodging
    75 | D:1      | Reached XP level 2. HP: 8/14 MP: 3/3
   121 | D:1      | Reached skill level 4 in Dodging
   368 | D:1      | Found a faded altar of an unknown god.
   502 | D:1      | Reached XP level 3. HP: 18/18 MP: 4/4
   589 | D:1      | 589 ||| UPGRADING to +2 robe of willpower.
   599 | D:1      | 599 ||| DROPPING +0 robe.
   600 | D:1      | 600 ||| UPGRADING to +0 cloak.
   605 | D:1      | 605 ||| READING scroll labelled ZITAEZ LIH RYS.
   606 | D:1      | 606 ||| READING scroll labelled BATU KYJENONN.
   607 | D:1      | 607 ||| READING scroll labelled MOIFET LURUIDU.
   608 | D:1      | 608 ||| READING scroll labelled CAFAL CUIMASISCH.
   609 | D:1      | 609 ||| READING scroll labelled BYOQOI NIMIOH.
   609 | D:1      | 609 ||| IDENTIFYING 2 clear potions
   610 | D:1      | 610 ||| DROPPING scroll of butterflies.
   611 | D:1      | 611 ||| DROPPING 2 potions of ambrosia.
   907 | D:2      | Reached XP level 4. HP: 22/22 MP: 5/5
  1395 | D:2      | 1395 ||| DROPPING amulet of magic regeneration.
  1396 | D:2      | 1396 ||| READING 4 scrolls of identify.
  1396 | D:2      | 1396 ||| IDENTIFYING purple potion
  1397 | D:2      | 1397 ||| READING 3 scrolls of identify.
  1397 | D:2      | 1397 ||| IDENTIFYING sedimented sapphire potion
  1398 | D:2      | 1398 ||| READING 2 scrolls of identify.
  1398 | D:2      | 1398 ||| IDENTIFYING dark potion
  1399 | D:2      | 1399 ||| READING scroll of identify.
  1399 | D:2      | 1399 ||| IDENTIFYING smoky emerald potion
  1400 | D:2      | 1400 ||| READING scroll labelled HEACOCZEEPT.
  1501 | D:2      | 1501 ||| READING scroll labelled OVEUD DAN ZEFOF.
  1502 | D:2      | 1502 ||| DROPPING potion of brilliance.
  1562 | D:3      | Reached skill level 5 in Dodging
  1636 | D:3      | Noticed a black bear
  1637 | D:3      | 1637 ||| DRINKING potion of haste.
  1642 | D:3      | Killed a black bear
  1643 | D:3      | Reached skill level 3 in Fighting
  1643 | D:3      | Reached XP level 5. HP: 28/28 MP: 6/6
  1833 | D:3      | Noticed Ijyb
  1849 | D:3      | HP: 1/28 [Ijyb/puff of flame (10)]
  1850 | D:3      | 1850 ||| DRINKING potion of heal wounds.
  1852 | D:3      | Killed Ijyb
  2015 | D:3      | 2015 ||| DROPPING ring of magical power.
  2016 | D:3      | 2016 ||| READING scroll labelled TIHISH UCHAL.
  2016 | D:3      | 2016 ||| ENCHANTING +0 shortbow.
  2017 | D:3      | 2017 ||| READING 2 scrolls labelled GAUGEA SYSAT.
  2017 | D:3      | 2017 ||| ENCHANTING +0 cloak.
  2018 | D:3      | 2018 ||| READING scroll of enchant armour.
  2018 | D:3      | 2018 ||| ENCHANTING +1 cloak.
  2019 | D:3      | 2019 ||| READING scroll labelled NUIRANTUSMAB.
  2040 | D:4      | Reached XP level 6. HP: 14/32 MP: 7/7
  2182 | D:4      | Reached skill level 6 in Ranged Weapons
  2195 | D:4      | Reached skill level 6 in Dodging
  2438 | D:4      | Identified the +1 robe of the Purple Skies {Harm rCorr
                  | Slay-5}
  2563 | D:4      | Reached XP level 7. HP: 36/36 MP: 8/8
  2591 | D:4      | Noticed Grinder
  2606 | D:4      | Killed Grinder
  2843 | D:4      | Reached skill level 7 in Dodging
  3019 | D:4      | 3019 ||| DROPPING +1 robe of the Purple Skies {Harm rCorr
                  | Slay-5}.
  3020 | D:4      | 3020 ||| UPGRADING to ring of poison resistance.
  3021 | D:4      | 3021 ||| READING 2 scrolls labelled RUIDAU LU DEBO.
  3026 | D:4      | 3026 ||| READING scroll labelled ALLOMO QISTUE.
  3027 | D:4      | 3027 ||| DRINKING 2 golden potions.
  3028 | D:4      | 3028 ||| DROPPING potion of degeneration.
  3040 | D:5      | Entered Level 5 of the Dungeon
  3040 | D:5      | Noticed Edmund
  3060 | D:5      | Killed Edmund
  3095 | D:5      | 3095 ||| STAIRDANCE
  3117 | D:5      | 3117 ||| FLEEEEING.
  3161 | D:5      | Reached XP level 8. HP: 40/40 MP: 9/9
  3230 | D:5      | Reached skill level 8 in Dodging
  3245 | D:5      | Noticed Menkaure
  3249 | D:5      | Killed Menkaure
  3428 | D:5      | Found a blossoming altar of Fedhas.
  3456 | D:5      | Found Koczebab's Antique Armour Emporium.
  3648 | D:5      | 3648 ||| READING 2 scrolls of identify.
  3648 | D:5      | 3648 ||| IDENTIFYING pink potion
  3649 | D:5      | 3649 ||| READING scroll of identify.
  3649 | D:5      | 3649 ||| IDENTIFYING 2 white potions
  3650 | D:5      | 3650 ||| DROPPING 2 potions of attraction.
  3733 | D:6      | Reached skill level 9 in Ranged Weapons
  3782 | D:6      | You fall into a shaft and drop 1 floor!
  3900 | D:7      | Found Ememufy's Magic Scroll Boutique.
  3901 | D:7      | Found Hudybi's Book Shop.
  3902 | D:7      | Found Ubeckyev's General Store.
  3902 | D:7      | Found Olicap's Distillery.
  3903 | D:7      | Found Atoaxey's Weapon Emporium.
  3903 | D:7      | Found Kuozif's Antique Weapon Boutique.
  3907 | D:7      | 3907 ||| BUYING potion of curing (39 gold).
  3907 | D:7      | Bought a potion of curing for 39 gold pieces
  3907 | D:7      | 3907 ||| BUYING scroll of identify (26 gold).
  3907 | D:7      | Bought a scroll of identify for 26 gold pieces
  3907 | D:7      | 3907 ||| BUYING scroll of identify (26 gold).
  3907 | D:7      | Bought a scroll of identify for 26 gold pieces
  3907 | D:7      | 3907 ||| BUYING scroll of identify (26 gold).
  3907 | D:7      | Bought a scroll of identify for 26 gold pieces
  3909 | D:7      | 3909 ||| BUYING potion of enlightenment (70 gold).
  3909 | D:7      | Bought a potion of enlightenment for 70 gold pieces
  3909 | D:7      | 3909 ||| BUYING potion of heal wounds (70 gold).
  3909 | D:7      | Bought a potion of heal wounds for 70 gold pieces
  3909 | D:7      | 3909 ||| SHOPLISTING potion of heal wounds (70 gold, have
                  | 57).
  3909 | D:7      | 3909 ||| SHOPLISTING potion of mutation (112 gold, have
                  | 57).
  3964 | D:7      | Reached skill level 9 in Dodging
  3988 | D:7      | Found a broken altar of Ashenzari.
  4082 | D:6      | Noticed Sigmund
  4083 | D:6      | 4083 ||| ZAPPING wand of iceblast (14) at -2,-1 (Sigmund;
                  | floor).
  4084 | D:6      | 4084 ||| ZAPPING wand of iceblast (13) at -2,-1 (Sigmund;
                  | floor).
  4085 | D:6      | 4085 ||| ZAPPING wand of iceblast (12) at -2,-1 (Sigmund;
                  | floor).
  4085 | D:6      | Killed Sigmund
  4086 | D:6      | Reached XP level 9. HP: 44/44 MP: 10/10
  4108 | D:6      | Found Lixukiph's Neck Hole.
  4126 | D:6      | 4126 ||| SHOPLISTING amulet of guardian spirit (420 gold,
                  | have 90).
  4126 | D:6      | 4126 ||| SHOPLISTING amulet of reflection (420 gold, have
                  | 90).
  4126 | D:6      | 4126 ||| SHOPLISTING amulet of the acrobat (420 gold, have
                  | 90).
  4160 | D:6      | Found an ornate altar of the Wu Jian Council.
  4175 | D:6      | Found a staircase to the Ecumenical Temple.
  4176 | D:6      | 4176 ||| PLANNING TEMPLE
  4176 | D:6      | 4176 ||| DROPPING wand of flame (36).
  4182 | Temple   | Found a transporter.
  4182 | Temple   | Found a transporter.
  4182 | Temple   | Found a transporter.
  4182 | Temple   | Found a transporter.
  4182 | Temple   | Entered the Ecumenical Temple
  4183 | Temple   | 4183 ||| PLANNING D:1-11
  4191 | Temple   | 4191 ||| PLANNING OKAWARU WORSHIP
  4194 | Temple   | Became a worshipper of Warmaster Okawaru
  4195 | Temple   | 4195 ||| PLANNING D:1-11
  4571 | D:6      | Reached skill level 10 in Dodging
  4939 | D:6      | 4939 ||| READING 3 scrolls of identify.
  4939 | D:6      | 4939 ||| IDENTIFYING 2 scrolls labelled NINNIC WOHI
  4940 | D:6      | 4940 ||| DROPPING 2 scrolls of silence.
  5106 | D:7      | 5106 ||| BUYING scroll of enchant armour (97 gold).
  5106 | D:7      | Bought a scroll of enchant armour for 97 gold pieces
  5106 | D:7      | 5106 ||| BUYING scroll of identify (26 gold).
  5106 | D:7      | Bought a scroll of identify for 26 gold pieces
  5110 | D:7      | 5110 ||| SHOPLISTING glowing orcbow (169 gold, have 17).
  5266 | D:7      | 5266 ||| RETREEEEATING.
  5267 | D:7      | 5267 ||| RETREEEEATING.
  5269 | D:7      | 5269 ||| RETREEEEATING.
  5271 | D:7      | 5271 ||| RETREEEEATING.
  5273 | D:7      | 5273 ||| RETREEEEATING.
  5287 | D:7      | Reached * piety under Okawaru
  5306 | D:7      | Reached skill level 1 in Invocations
  5321 | D:7      | Reached skill level 11 in Dodging
  5421 | D:7      | Found a white marble altar of Elyvilon.
  5478 | D:7      | 5478 ||| READING 3 scrolls of identify.
  5478 | D:7      | 5478 ||| IDENTIFYING fuming dark potion
  5479 | D:7      | 5479 ||| READING 2 scrolls of identify.
  5479 | D:7      | 5479 ||| IDENTIFYING scroll labelled SIRAAR COELA
  5480 | D:7      | 5480 ||| DROPPING scroll of noise.
  5539 | D:8      | Reached skill level 3 in Invocations
  5601 | D:8      | Found a transporter.
  5623 | D:8      | Identified the +5 scale mail of Refuge {rCorr}
  5623 | D:8      | Identified the +0 buckler of Hepliaklqana {Int+4}
  5624 | D:8      | Found a staircase to the Lair.
  5648 | D:8      | Noticed Grum
  5672 | D:8      | Found a transporter.
  5720 | D:8      | Reached ** piety under Okawaru
  5767 | D:8      | Noticed Erica
  5768 | D:8      | 5768 ||| SWAPPING to +0 orcbow.
  5769 | D:8      | 5769 ||| INVOKING Heroism.
  5782 | D:8      | HP: 9/45 [Erica/+4 scimitar of flaming (3)]
  5783 | D:8      | 5783 ||| READING 2 scrolls of teleportation.
  5784 | D:8      | 5784 ||| DRINKING 2 potions of heal wounds.
  5803 | D:8      | 5803 ||| DROPPING +1 shortbow.
  5821 | D:8      | Found a flagged portal.
  5828 | D:8      | Found a sparkling altar of Nemelex Xobeh.
  5838 | D:8      | Found a basalt altar of Yredelemnul.
  5849 | D:8      | Noticed Prince Ribbit
  5850 | D:8      | Noticed Psyche
  5851 | D:8      | 5851 ||| RETREEEEATING.
  5853 | D:8      | 5853 ||| RETREEEEATING.
  5854 | D:8      | 5854 ||| ZAPPING wand of acid (9) at 3,0 (Psyche; floor).
  5855 | D:8      | 5855 ||| RETREEEEATING.
  5856 | D:8      | 5856 ||| RETREEEEATING.
  5857 | D:8      | 5857 ||| RETREEEEATING.
  5858 | D:8      | 5858 ||| RETREEEEATING.
  5860 | D:8      | 5860 ||| INVOKING Heroism.
  5862 | D:8      | Killed Psyche
  5869 | D:8      | Killed Prince Ribbit
  5911 | D:8      | Reached XP level 10. HP: 43/49 MP: 14/14
  5976 | D:8      | Noticed Maurice
  5977 | D:8      | 5977 ||| INVOKING Heroism.
  5986 | D:8      | Maurice stole an amulet of the acrobat
  5995 | D:8      | Killed Maurice
  6008 | D:8      | 6008 ||| INVOKING Heroism.
  6014 | D:8      | Killed Erica
  6015 | D:8      | Reached skill level 12 in Dodging
  6213 | D:8      | 6213 ||| RETREEEEATING.
  6415 | D:8      | 6415 ||| PLANNING LAIR
  6415 | D:8      | 6415 ||| UPGRADING to amulet of the acrobat.
  6420 | D:8      | 6420 ||| UPGRADING to +6 ring of dexterity.
  6421 | D:8      | 6421 ||| READING scroll of identify.
  6421 | D:8      | 6421 ||| IDENTIFYING glowing blue potion
  6422 | D:8      | 6422 ||| READING scroll labelled VAOBOERHEMA.
  6422 | D:8      | 6422 ||| BRANDING +0 orcbow.
  6477 | Lair:1   | Entered Level 1 of the Lair of Beasts
  6483 | Lair:1   | 6483 ||| STAIRDANCE
  6502 | Lair:1   | Reached *** piety under Okawaru
  6512 | Lair:1   | Noticed a catoblepas
  6513 | Lair:1   | 6513 ||| INVOKING Heroism.
  6520 | Lair:1   | 6520 ||| Stepping ~*~*~tactically~*~*~ (cloud).
  6524 | Lair:1   | 6524 ||| Stepping ~*~*~tactically~*~*~ (cloud).
  6525 | Lair:1   | Killed a catoblepas
  6526 | Lair:1   | Reached skill level 13 in Dodging
  6580 | Lair:1   | Reached skill level 12 in Ranged Weapons
  6659 | Lair:1   | 6659 ||| RETREEEEATING.
  6660 | Lair:1   | 6660 ||| RETREEEEATING.
  6671 | Lair:1   | 6671 ||| RETREEEEATING.
  6674 | Lair:1   | 6674 ||| RETREEEEATING.
  6675 | Lair:1   | Noticed a cane toad
  6676 | Lair:1   | Reached skill level 14 in Dodging
  6676 | Lair:1   | 6676 ||| INVOKING Heroism.
  6682 | Lair:1   | Killed a cane toad
  6683 | Lair:1   | Reached XP level 11. HP: 54/54 MP: 12/15
  6765 | Lair:1   | Noticed a death yak
  6766 | Lair:1   | 6766 ||| RETREEEEATING.
  6771 | Lair:1   | Noticed a death yak
  6772 | Lair:1   | 6772 ||| INVOKING Heroism.
  6781 | Lair:1   | Noticed a death yak
  6782 | Lair:1   | 6782 ||| RETREEEEATING.
  6783 | Lair:1   | 6783 ||| RETREEEEATING.
  6785 | Lair:1   | 6785 ||| RETREEEEATING.
  6786 | Lair:1   | Killed a death yak
  6786 | Lair:1   | Reached **** piety under Okawaru
  6788 | Lair:1   | Noticed a death yak
  6795 | Lair:1   | 6795 ||| INVOKING Finesse.
  6799 | Lair:1   | Killed a death yak
  6800 | Lair:1   | Reached skill level 15 in Dodging
  6810 | Lair:1   | Killed a death yak
  6825 | Lair:1   | Killed a death yak
  6893 | Lair:1   | 6893 ||| READING scroll of enchant weapon.
  6893 | Lair:1   | 6893 ||| ENCHANTING +0 orcbow of freezing.
  6984 | Lair:1   | 6984 ||| RETREEEEATING.
  6991 | Lair:1   | 6991 ||| RETREEEEATING.
  6992 | Lair:1   | 6992 ||| RETREEEEATING.
  6993 | Lair:1   | 6993 ||| RETREEEEATING.
  6994 | Lair:1   | 6994 ||| RETREEEEATING.
  6995 | Lair:1   | 6995 ||| RETREEEEATING.
  6997 | Lair:1   | 6997 ||| RETREEEEATING.
  6998 | Lair:1   | 6998 ||| RETREEEEATING.
  7003 | Lair:1   | 7003 ||| RETREEEEATING.
  7005 | Lair:1   | 7005 ||| RETREEEEATING.
  7006 | Lair:1   | 7006 ||| RETREEEEATING.
  7019 | Lair:1   | Reached ***** piety under Okawaru
  7054 | Lair:1   | 7054 ||| INVOKING Finesse.
  7126 | Lair:1   | 7126 ||| RETREEEEATING.
  7128 | Lair:1   | 7128 ||| INVOKING Finesse.
  7131 | Lair:1   | Reached skill level 6 in Invocations
  7267 | Lair:1   | 7267 ||| RETREEEEATING.
  7268 | Lair:1   | 7268 ||| RETREEEEATING.
  7269 | Lair:1   | 7269 ||| INVOKING Finesse.
  7328 | Lair:1   | 7328 ||| READING 2 scrolls of identify.
  7328 | Lair:1   | 7328 ||| IDENTIFYING scroll labelled ZESOTU WUANTUF
  7329 | Lair:1   | 7329 ||| DROPPING scroll of torment.
  7355 | Lair:2   | Noticed a seven-headed hydra
  7356 | Lair:2   | 7356 ||| RETREEEEATING.
  7357 | Lair:2   | 7357 ||| RETREEEEATING.
  7357 | Lair:2   | Found a staircase to the Shoals.
  7358 | Lair:2   | 7358 ||| RETREEEEATING.
  7359 | Lair:2   | 7359 ||| RETREEEEATING.
  7360 | Lair:2   | 7360 ||| RETREEEEATING.
  7362 | Lair:2   | 7362 ||| RETREEEEATING.
  7364 | Lair:2   | 7364 ||| RETREEEEATING.
  7365 | Lair:2   | 7365 ||| RETREEEEATING.
  7366 | Lair:2   | 7366 ||| RETREEEEATING.
  7367 | Lair:2   | 7367 ||| RETREEEEATING.
  7368 | Lair:2   | 7368 ||| RETREEEEATING.
  7369 | Lair:2   | 7369 ||| RETREEEEATING.
  7369 | Lair:2   | Killed from afar by a water nymph

Levels and vault maps discovered:
D:1:      wander_arrival_peaceful_grave, layout_basic, basic_ecumenical_altar
D:2:      layout_basic, skrybe_limestone_x
D:3:      layout_rooms, uniq_ijyb
D:4:      minmay_door_path, layout_loops_ring, uniq_grinder
D:5:      layout_rooms, mainiacjoe_overflow_cross_hatched, serial_rivers,
          chequers_serial_rivers_micro_c, chequers_serial_rivers_large_a,
          chequers_serial_rivers_micro_a, chequers_serial_rivers_micro_a,
          serial_shops, nicolae_shop_tiny_real_fake_doors, uniq_menkaure,
          uniq_edmund
D:6:      layout_basic, nzn_wu_jian_council_hall, minmay_temple_entry_fiery,
          minmay_misc_feat_enclosed, nicolae_shop_sticking_my_neck_out,
          uniq_sigmund
D:7:      layout_rooms, lemuel_tele_altar, lemuel_coloured_pillars_altar,
          serial_glass, glass_columns_a, glass_columns_a, glass_columns_a,
          glass_columns_b, glass_columns_b, glass_columns_a,
          nicolae_wooded_promenade, uniq_crazy_yiuf_cottage
D:8:      layout_basic, mainiacjoe_overflow_large_starburst, lair_entry_dummy,
          gammafunk_ghost_gnarly_gnolls, enter_bailey_3, uniq_erica,
          uniq_psyche, uniq_maurice, uniq_prince_ribbit1
Temple:   hellmonk_temple_divided_pantheon
Lair:1:   layout_concentric_octagons
Lair:2:   layout_regular_city, nicolae_shoals_entry_flooding,
          grunt_forest_large_clearings, lemuel_fruit_tree

Skill      XL: |  1  2  3  4  5  6  7  8  9 10 11 |
---------------+----------------------------------+-----
Dodging        | 3 4 5 6 7 9 11 14 15 | 15.6
Ranged Weapons | 5 6 8 10 12 13 | 13.0
Fighting       | 3 4 5 |  5.0
Invocations    | 4 7 |  7.2
Stealth        | |  1.5

Action                     |  1- 3 |  4- 6 |  7- 9 | 10-12 || total
---------------------------+-------+-------+-------+-------++-------
   Fire: Shortbow          |    97 |   139 |   319 |       ||   555
         Orcbow            |       |       |    42 |   325 ||   367
 Invoke: Heroism           |       |       |     2 |     5 ||     7
         Finesse           |       |       |       |     4 ||     4
  Evoke: Wand              |       |       |     4 |       ||     4
    Use: Scroll            |     5 |    10 |     8 |     4 ||    27
         Potion            |       |     2 |     2 |       ||     4
 Armour: Robe              |    10 |    30 |    46 |    24 ||   110
  Dodge: Dodged            |    36 |    68 |   188 |   104 ||   396

Table legend:
 A = Non-vault XP
 B = Vault XP
 C = Vault XP percentage of total XP
 D = Non-vault monster count
 E = Vault monster count
 F = Vault count percentage of total count
                 A         B        C        D         E       F
            +---------+---------+-------+---------+---------+-------
      Total |   18664 |    2917 |  13.5 |     169 |      15 |   8.2
            +---------+---------+-------+---------+---------+-------
        D:1 |      50 |       0 |   0.0 |      28 |       0 |   0.0
        D:2 |      61 |       0 |   0.0 |      20 |       0 |   0.0
        D:3 |     219 |      36 |  14.1 |      13 |       1 |   7.1
        D:4 |     546 |     316 |  36.7 |      16 |       3 |  15.8
        D:5 |     330 |     337 |  50.5 |      13 |       2 |  13.3
        D:6 |     904 |     226 |  20.0 |      12 |       1 |   7.7
        D:7 |    1533 |       0 |   0.0 |      13 |       0 |   0.0
        D:8 |    1771 |    2002 |  53.1 |      15 |       8 |  34.8
     Lair:1 |   13250 |       0 |   0.0 |      39 |       0 |   0.0
            +---------+---------+-------+---------+---------+-------
